 Dungeon Crawl Stone Soup version 0.28.0-56-g4927b6849a (webtiles) character file.

Game seed: 17053189805258325672

377 AarnesTheHuman the Skirmisher (level 6, -3/56 HPs)
             Began as a Hill Orc Fighter on Feb 6, 2023.
             Succumbed to an orc wizard's poison
             ... on level 3 of the Dungeon.
             The game lasted 00:05:00 (3529 turns).

AarnesTheHuman the Skirmisher (Hill Orc Fighter)    Turns: 3529, Time: 00:05:01

Health: -3/56      AC: 15    Str: 23    XL:     6   Next: 73%
Magic:  6/6        EV:  5    Int:  8    God:
Gold:   112        SH:  8    Dex: 10    Spells: 5/5 levels left

rFire   . . .      SeeInvis .   a - +0 war axe
rCold   . . .      Faith    .   n - +0 kite shield
rNeg    . . .      Spirit   .   A - +0 plate armour
rPois   .          Reflect  .   (no helmet)
rElec   .          Harm     .   j - +0 cloak
rCorr   +          Rampage  .   B - +0 pair of gloves
Will    +....      Clarity  +   z - +0 pair of boots
Stlth   ..........              v - amulet of regeneration
HPRegen 0.98/turn               t - ring of resist corrosion
MPRegen 0.10/turn               (no ring)

@: lethally poisoned (-3 -> -15)
A: clarity, strong-willed 1, strong 1
a: no special abilities


You were on level 3 of the Dungeon.
You visited 1 branch of the dungeon, and saw 4 of its levels.

You collected 112 gold pieces.

Inventory:

Hand Weapons
 a - a +0 war axe (weapon)
 y - a +3 flail of holy wrath
 D - a +0 hunting sling
Missiles
 k - 64 stones
 m - 37 sling bullets
 x - 3 poisoned darts (quivered)
Armour
 b - a +0 scale mail
 c - a +0 buckler
 g - a +1 helmet
 i - a +0 chain mail
 j - a +0 cloak (worn)
 n - a +0 kite shield (worn)
 z - a +0 pair of boots (worn)
 A - a +0 plate armour (worn)
 B - a +0 pair of gloves (worn)
Magical Staves
 h - a staff of cold
 l - a staff of air
Jewellery
 t - a ring of resist corrosion (left hand)
 v - an amulet of regeneration (around neck)
 w - a +4 ring of protection
Wands
 f - a wand of mindburst (8)
Scrolls
 o - 4 scrolls of identify
Potions
 d - 2 potions of might
 e - 2 potions of attraction


   Skills:
 + Level 5.4 Fighting
 + Level 5.1 Axes
 + Level 4.8 Armour
 + Level 4.9 Shields


You had 5 spell levels left.
You didn't know any spells.
Your spell library contained the following spells:

 Spells                   Type           Power      Damage    Failure   Level
 Foxfire                  Conj/Fire      0%         2x1d4     100%        1
 Conjure Flame            Conj/Fire      0%         6-21      100%        3
 Inner Flame              Hex/Fire       0%         N/A       100%        3
 Flame Wave               Conj/Fire      0%         2d4       100%        4


Dungeon Overview and Level Annotations

Branches:
Dungeon (4/15)
 Temple: D:4-7

Altars:

Shops:
D:2 :

Annotations:
D:2 1 runed translucent door, Crazy Yiuf


Innate Abilities, Weirdness & Mutations

You possess an exceptional clarity of mind.
You are strong-willed. (Will+)
Your muscles are strong. (Str +2)


Message History

The puff of flame hits you!
* * * LOW HITPOINT WARNING * * *
That's the wrong kind of item! (Use * to select it.) Fire/throw which item? (* to show all) (? for menu, Esc to quit)
Okay, then.
You feel much better.
You feel very sick. Something hits you.
You are more poisoned.
Aiming: Mindburst
Press: ? - help, Shift-Dir - straight line Something's mind is blasted!
You feel very sick. Something hits you.
* * * LOW HITPOINT WARNING * * *
You are lethally poisoned!
Really quaff the potion of mutation?
You feel extremely strange. A pair of horns grows on your head!
Your +1 helmet falls away!
You feel clever.
* * * LOW HITPOINT WARNING * * *
You feel very sick. Something hits you.
* * * LOW HITPOINT WARNING * * *
You are more poisoned.
Really quaff the potion of mutation?
You feel extremely strange.
You feel stupid. The horns on your head shrink away.
Your thoughts seem clearer.
You feel strong-willed.
You feel stronger.
* * * LOW HITPOINT WARNING * * *
You feel very sick.
You hear some strange, mumbled words.
A magic dart appears from out of thin air!
The magic dart hits you but does no damage.
Unknown command.
You hit something.
Reactivating autopickup.
You feel a bit more experienced.
You die...

#.......#
#.......# ###
#.......# ..#
###.....(.# ###
#.........# #
#.........# ##
#......#.##
.#####......#.####
...............)@#
..####.###########
#.# #.# #......#
#.## #.# #......#
#..# #.# #......##
#############
##.###.# #(......#
#...........#
##..##†# #.......#
#...........#
###.##[# #.......#
#...........#
..#..#.# #.......#
#......^....#


There were no monsters in sight!

Vanquished Creatures
  An orc warrior (D:4)
  An orc priest (D:3)
  3 orc wizards (D:3)
  Robin (D:4)
  3 gnolls (D:2)
  5 adders
  An ufetubus (D:3)
  3 worms
  5 dart slugs
  5 orcs
  9 bats
  7 endoplasms
  2 giant cockroaches
  11 goblins
  8 hobgoblins
  8 kobolds
  8 quokkas
  5 ball pythons
  A frilled lizard (D:1)
  6 rats
93 creatures vanquished.

Notes
Turn   | Place    | Note
-------+----------+-------------------------------------------
     0 | D:1      | AarnesTheHuman the Hill Orc Fighter began the quest for the
                  | Orb.
     0 | D:1      | Reached XP level 1. HP: 19/19 MP: 1/1
   230 | D:1      | Reached XP level 2. HP: 23/27 MP: 2/2
   559 | D:1      | Found a faded altar of an unknown god.
   619 | D:1      | Reached XP level 3. HP: 25/33 MP: 3/3
  1231 | D:2      | Reached XP level 4. HP: 21/41 MP: 4/4
  1878 | D:2      | Found Pixkuex's Book Shoppe.
  1913 | D:2      | Identified the +2 robe "Roimeuph" {Dex+4}
  2103 | D:2      | Found a runed translucent door.
  2104 | D:2      | Noticed Crazy Yiuf
  2775 | D:3      | Reached XP level 5. HP: 44/47 MP: 5/5
  2965 | D:3      | Reached skill level 5 in Fighting
  3252 | D:3      | Reached XP level 6. HP: 56/56 MP: 6/6
  3393 | D:4      | Noticed Robin
  3409 | D:4      | Killed Robin
  3490 | D:4      | Noticed an orc warrior
  3504 | D:4      | Killed an orc warrior
  3505 | D:4      | Reached skill level 5 in Axes
  3527 | D:3      | Gained mutation: You have a pair of small horns on your
                  | head. [potion of mutation]
  3527 | D:3      | Gained mutation: Your mind is acute. (Int +2) [potion of
                  | mutation]
  3528 | D:3      | Lost mutation: Your mind is acute. (Int +2) [potion of
                  | mutation]
  3528 | D:3      | Lost mutation: You have a pair of small horns on your head.
                  | [potion of mutation]
  3528 | D:3      | Gained mutation: You possess an exceptional clarity of
                  | mind. [potion of mutation]
  3528 | D:3      | Gained mutation: You are strong-willed. (Will+) [potion of
                  | mutation]
  3528 | D:3      | Gained mutation: Your muscles are strong. (Str +2) [potion
                  | of mutation]
  3528 | D:3      | HP: 2/56 [poisoned by an orc wizard]
  3529 | D:3      | Succumbed to an orc wizard's poison

Illustrated notes

Levels and vault maps discovered:
D:1:      minmay_arrival_split_and_join, layout_basic,
          hellmonk_ecumenical_altar_inner_sanctum, minmay_heptomino_l4
D:2:      layout_loops_corners, serial_shops, shop, uniq_crazy_yiuf_cottage
D:3:      layout_basic
D:4:      layout_cave_pools, nicolae_yredelemnul_ghost_church,
          nicolae_overflow_squiral, uniq_robin

Skill      XL: |  1  2  3  4  5  6 |
---------------+-------------------+-----
Axes           | 3 4 5 |  5.1
Fighting       | 4 5 |  5.4
Shields        | 4 |  4.9
Armour         | 4 |  4.8

Action                   |  1- 3 |  4- 6 || total
-------------------------+-------+-------++-------
Melee: War axe           |   112 |   152 ||   264
Throw: Dart              |       |     3 ||     3
Evoke: Wand              |       |     2 ||     2
  Use: Scroll            |       |     8 ||     8
       Potion            |       |     3 ||     3
Armor: Scale mail        |    30 |       ||    30
       Chain mail        |    62 |    62 ||   124
       Plate armour      |       |    56 ||    56
Dodge: Dodged            |    52 |    39 ||    91
Block: Buckler           |    36 |       ||    36
       Kite shield       |    14 |    71 ||    85
